 Dungeon Crawl Stone Soup version 0.27.1-3-gb3d3a73c9e (webtiles) character file.

Game seed: 14653780855450196500

12 Descartes the Sneak (level 2, -1/16 HPs)
             Began as a Spriggan Delver on Oct 18, 2021.
             Succumbed to a scorpion's poison
             ... on level 6 of the Dungeon.
             The game lasted 00:00:43 (243 turns).

Descartes the Sneak (Spriggan Delver)                Turns: 243, Time: 00:00:44

Health: -1/16      AC:  6    Str:  8    XL:     2   Next: 20%
Magic:  3/3        EV: 17    Int: 11    God:
Gold:   0          SH:  0    Dex: 16    Spells: 1/1 levels left

rFire    . . .     SeeInvis +   a - +0 short sword
rCold    . . .     Faith    .   (shield restricted)
rNeg     . . .     Spirit   .   b - +0 robe
rPois    .         Reflect  .   (helmet restricted)
rElec    .         Harm     .   (no cloak)
rCorr    .         Rampage  .   (gloves unavailable)
Will     .....                  (boots unavailable)
Stlth    ++++......             (no amulet)
HPRegen  0.05/turn              k - +4 ring of protection
MPRegen  0.08/turn              (no ring)

@: lethally poisoned (-1 -> -15), very quick
A: very small, no large weapons, unfitting armour, see invisible, speed 3
a: no special abilities


You were on level 6 of the Dungeon.
You visited 1 branch of the dungeon, and saw 2 of its levels.

Inventory:

Hand Weapons
 a - a +0 short sword (weapon)
Missiles
 i - 23 arrows
 l - 12 poisoned darts (quivered)
Armour
 b - a +0 robe (worn)
Magical Staves
 j - a staff of cold
Jewellery
 k - a +4 ring of protection (left hand)
Wands
 g - a wand of digging (3)
Scrolls
 c - a scroll of fog
 d - a scroll of magic mapping
 e - a scroll of fear
Potions
 f - a potion of haste
 h - a potion of heal wounds {unknown}


   Skills:
 + Level 2.5 Fighting
 + Level 2.3 Short Blades
 + Level 2.7 Dodging
 + Level 7.8 Stealth


You had one spell level left.
You didn't know any spells.
Your spell library was empty.

Dungeon Overview and Level Annotations

Branches:
Dungeon (6/15)
 Temple: D:4-7

Altars:


Innate Abilities, Weirdness & Mutations

You are very small and have problems with some larger weapons.
You are too small for most types of armour.
You have supernaturally acute eyesight. (SInv)
You cover ground extremely quickly. (Speed+++)


Message History

k - a +4 ring of protection (left hand)
An ogre comes into view. It is wielding a +0 giant spiked club.
The ogre shouts!
You barely miss the ogre. The ogre misses you.
You hit the ogre.
The ogre is lightly wounded.
You barely miss the ogre.
The ogre is lightly wounded.
The ogre hits you with a +0 giant spiked club!
Ouch! That really hurt!
* * * LOW HITPOINT WARNING * * *
You are too injured to fight recklessly!
You are too injured to fight recklessly!
You are too injured to fight recklessly!
You are too injured to fight recklessly!
You are too injured to fight recklessly!
You are too injured to fight recklessly!
You are too injured to fight recklessly!
You are too injured to fight recklessly!
You are too injured to fight recklessly!
You are too injured to fight recklessly!
An ogre is nearby!
l - 12 poisoned darts
There is a stone staircase leading down here.
You can't go up here!
You climb downwards.
There is a stone staircase leading up here.
The helpless scorpion fails to defend itself.
You puncture the scorpion!
The scorpion is almost dead.
The scorpion misses you.
You hit the scorpion but do no damage.
The scorpion is almost dead.
The scorpion stings you.
* * * LOW HITPOINT WARNING * * *
You are lethally poisoned!
The scorpion poisons you!
You closely miss the scorpion.
The scorpion is almost dead.
You die...

... .c.
..# #.#
#.# #.#
#.######
#@.....#
##s###.#
... .###
.. ##


You could see a centaur (asleep) and a scorpion.

Vanquished Creatures
  A hound skeleton (D:5)
1 creature vanquished.

Notes
Turn   | Place    | Note
-------+----------+-------------------------------------------
     0 | D:5      | Descartes the Spriggan Delver began the quest for the Orb.
     0 | D:5      | Reached XP level 1. HP: 11/11 MP: 2/2
    49 | D:5      | Reached XP level 2. HP: 11/16 MP: 3/3
   181 | D:5      | Noticed an ogre
   182 | D:5      | Noticed a +0 spear
   183 | D:5      | Noticed a +0 spear
   185 | D:5      | Noticed a +0 dagger
   240 | D:6      | Noticed a centaur
   240 | D:6      | Noticed a scorpion
   243 | D:6      | Succumbed to a scorpion's poison

Illustrated notes

Levels and vault maps discovered:
D:5:      layout_cave_pools, nicolae_uskayaw_en_pointe,
          gammafunk_temple_overflow_elements, uniq_pikel
D:6:      layout_basic, zin_purify, jmf_multi_god_temple, nicolae_shop_self_help

Action                   || total
-------------------------++-------
Melee: Short sword       ||    20
 Stab: Sleeping          ||     1
Armor: Robe              ||     2
Dodge: Dodged            ||    14
